 Dungeon Crawl Stone Soup version 0.27.1-33-g824d729ab1 (webtiles) character file.

Game seed: 106787581127368140

148 Garessta the Vexing (level 5, -3/35 HPs)
             Began as a Vampire Enchanter on Dec 9, 2021.
             Slain by a black bear (5 damage)
             ... on level 3 of the Dungeon.
             The game lasted 00:05:00 (2253 turns).

Garessta the Vexing (Vampire Enchanter)             Turns: 2253, Time: 00:05:00

Health: -3/35      AC:  3    Str:  7    XL:     5   Next: 8%
Magic:  5/8        EV: 12    Int: 17    God:
Gold:   66         SH:  0    Dex: 16    Spells: 2/8 levels left

rFire    . . .     SeeInvis +   a - +1 dagger
rCold    . . .     Faith    .   (no shield)
rNeg     . . .     Spirit   .   b - +0 robe
rPois    .         Reflect  .   (no helmet)
rElec    .         Harm     .   j - +0 cloak
rCorr    .         Rampage  .   (no gloves)
Will     .....                  (no boots)
Stlth    +++.......             (no amulet)
HPRegen  0.31/turn              c - ring of wizardry
MPRegen  0.11/turn              (no ring)

@: confusing by touch, healing quickly
A: alive, fangs 3, see invisible, vampiric 2
a: Exsanguinate


You were on level 3 of the Dungeon.
You visited 1 branch of the dungeon, and saw 3 of its levels.

You collected 66 gold pieces.

Inventory:

Hand Weapons
 a - a +1 dagger (weapon)
Armour
 b - a +0 robe (worn)
 j - a +0 cloak (worn)
Jewellery
 c - a ring of wizardry (left hand)
Scrolls
 d - a scroll of amnesia {unknown}
 e - 4 scrolls of identify
 f - a scroll of holy word {unknown}
 g - a scroll of blinking {unknown}
Potions
 h - 4 potions of flight
 i - a potion of mutation {unknown}


   Skills:
 - Level 1.1 Short Blades
 - Level 2.1 Dodging
 + Level 6.2 Stealth
 - Level 2.0 Spellcasting
 * Level 7.4 Hexes


You had 2 spell levels left.
You knew the following spells:

 Your Spells              Type           Power      Damage    Failure   Level
a - Corona                Hex            28%        N/A       1%          1
b - Ensorcelled Hibernat  Hex/Ice        28%        N/A       2%          2
c - Confusing Touch       Hex            26%        N/A       1%          3

Your spell library contained the following spells:

 Spells                   Type           Power      Damage    Failure   Level
 Magic Dart               Conj           4%         1d3       8%          1
 Call Imp                 Summ           1%         N/A       12%         2
 Tukima's Dance           Hex            26%        N/A       1%          3
 Dazzling Flash           Conj/Hex       28%        N/A       5%          3
 Mephitic Cloud           Conj/Pois/Air  1%         N/A       22%         3


Dungeon Overview and Level Annotations

Branches:
Dungeon (3/15)

Altars:


Innate Abilities, Weirdness & Mutations

Your natural rate of healing is accelerated.
You have razor-sharp teeth.
You have supernaturally acute eyesight. (SInv)
You are afflicted with vampirism and can become a bat while bloodless.


Message History

You kill the giant cockroach!
You see here a giant cockroach corpse.
A black bear comes into view.
Found a stone staircase leading down.
There is a stone staircase leading down here.
The helpless black bear fails to defend itself.
You impale the black bear!!
The black bear is almost dead.
The black bear closely misses you.
The black bear claws you but does no damage. x2
You hit the black bear but do no damage.
The black bear is almost dead.
The black bear goes berserk!
You hit the black bear.
The black bear is almost dead.
The black bear closely misses you. The black bear claws you. x2
The black bear barely misses you. The black bear claws you. x2
Casting: Confusing Touch (safe; 1% risk of failure)
Confirm with . or Enter, or press ? or * to list all spells.
You can't see any susceptible monsters within range! (Use Z to cast anyway.)
Casting: Confusing Touch (safe; 1% risk of failure)
Confirm with . or Enter, or press ? or * to list all spells.
Your hands begin to glow red.
The black bear bites you. The black bear closely misses you.
The black bear claws you.
Casting: Confusing Touch (safe; 1% risk of failure)
Confirm with . or Enter, or press ? or * to list all spells.
You don't know that spell.
You hit the black bear but do no damage.
The black bear is almost dead.
The black bear bites you!
* * * LOW HITPOINT WARNING * * *
The black bear claws you.
* * * LOW HITPOINT WARNING * * *
The black bear misses you. x2; The black bear barely misses you.
The black bear claws you.
* * * LOW HITPOINT WARNING * * *
You hit the black bear but do no damage.
The black bear is almost dead.
The black bear bites you.
You die...

#.# #.# #<# #.# #.#
.######.# .........
########## #######.#
#..h@>...# ###.#
#.######.## ##....
##...## ##..###
####.....####...# #
#............#..###
.#.##.....###.#.....
.........## #.#.####
#####.#.## #†#.#
#.#.# #.#.####


You could see a black bear (berserk).

Vanquished Creatures
  A bullfrog zombie (D:3)
  A bullfrog skeleton (D:3)
  4 adders
  A worm (D:2)
  A dart slug (D:2)
  An orc (D:3)
  4 ball pythons
  6 endoplasms
  4 giant cockroaches
  6 goblins
  4 hobgoblins
  2 quokkas
  4 bats (D:1)
  2 frilled lizards
  3 kobolds
  4 rats
48 creatures vanquished.

Vanquished Creatures (others)
  3 fungi (D:2)
  8 plants
11 creatures vanquished.

Grand Total: 59 creatures vanquished

Notes
Turn   | Place    | Note
-------+----------+-------------------------------------------
     0 | D:1      | Garessta the Vampire Enchanter began the quest for the Orb.
     0 | D:1      | Reached XP level 1. HP: 13/13 MP: 3/3
   199 | D:1      | Reached skill level 5 in Hexes
   229 | D:1      | Reached XP level 2. HP: 8/19 MP: 3/5
   240 | D:1      | Learned a level 2 spell: Ensorcelled Hibernation
   879 | D:2      | Reached skill level 5 in Stealth
  1019 | D:2      | Gained mutation: You are afflicted with vampirism and can
                  | become a bat while bloodless. [Vampire growth]
  1019 | D:2      | Reached XP level 3. HP: 24/24 MP: 3/6
  1182 | D:2      | Reached skill level 6 in Hexes
  1498 | D:2      | Found a faded altar of an unknown god.
  1586 | D:2      | Reached XP level 4. HP: 30/30 MP: 7/7
  2020 | D:2      | Learned a level 3 spell: Confusing Touch
  2062 | D:3      | Reached skill level 7 in Hexes
  2062 | D:3      | Reached XP level 5. HP: 27/35 MP: 4/8
  2243 | D:3      | Noticed a black bear
  2253 | D:3      | Slain by a black bear

Illustrated notes

Levels and vault maps discovered:
D:1:      mrwooster_arrival_statue_2, layout_loops_ring
D:2:      layout_loops_ring, dreamdust_ecumenical_altar_grove
D:3:      layout_loops_ring, nicolae_overflow_crystal_walls,
          kennysheep_okawaru_gauntlet, fedhas_altar_3, uniq_terence

Skill      XL: |  1  2  3  4 |
---------------+-------------+-----
Hexes          | 5 6 7 |  7.4
Stealth        | 5 6 |  6.2
Short Blades   | |  1.1
Dodging        | |  2.1
Spellcasting   | |  2.0

Action                   |  1- 3 |  4- 6 || total
-------------------------+-------+-------++-------
Melee: Dagger            |    73 |    30 ||   103
       Bite              |     3 |     1 ||     4
 Cast: Corona            |     3 |       ||     3
       Ensorcelled Hiber |    15 |       ||    15
       Confusing Touch   |       |     2 ||     2
  Use: Scroll            |       |     1 ||     1
 Stab: Sleeping          |    29 |     6 ||    35
       Distracted        |     1 |     1 ||     2
       Confused          |       |     1 ||     1
Armor: Robe              |     2 |    10 ||    12
Dodge: Dodged            |    27 |    21 ||    48
